 Dungeon Crawl Stone Soup version 0.22.1-1-ga44c0e5 (webtiles) character file.

58573 HoaS the Brawler (level 14, -10/144 HPs)
             Began as a Gargoyle Berserker on Oct 1, 2018.
             Was the Champion of Trog.
             Mangled by an orc warrior
             ... wielding a +0 battleaxe
              (21 damage)
             ... on level 1 of the Orcish Mines on Oct 2, 2018.
             The game lasted 01:21:12 (22830 turns).

HoaS the Brawler (Gargoyle Berserker)              Turns: 22830, Time: 01:21:12

Health: -10/144    AC: 33    Str: 34    XL:     14   Next: 91%
Magic:  14/14      EV:  9    Int:  7    God:    Trog [******]
Gold:   1992       SH:  0    Dex:  9    Spells: 13/13 levels left

rFire    + + .     SeeInvis .     - Unarmed
rCold    . . .     Gourm    .   (no shield)
rNeg     + + .     Faith    .   M - +2 plate armour {rN+}
rPois    ∞         Spirit   .   (no helmet)
rElec    +         Reflect  .   r - +0 cloak
rCorr    .         Harm     .   h - +0 pair of gloves
MR       +....                  l - +0 pair of boots
Stlth    ..........             i - amulet of the acrobat
HPRegen  0.34/turn              G - ring "Piesyiphu" {rF++ Str+2 Stlth+}
MPRegen  0.14/turn              N - +4 ring of slaying

@: berserking, flying, very quick
A: big wings, negative energy resistance 1, electricity resistance, unbreathing,
petrification resistance, rot immunity, AC +10
a: Stop Flying, Berserk, Trog's Hand, Brothers in Arms, Renounce Religion


You were on level 1 of the Orcish Mines.
You worshipped Trog.
Trog was exalted by your worship.
You were hungry.

You visited 3 branches of the dungeon, and saw 20 of its levels.
You also visited: Labyrinth and Ice Cave.

You collected 2802 gold pieces.
You spent 810 gold pieces at shops.

Inventory:

Armour
 h - a +0 pair of gloves (worn)
 l - a +0 pair of boots (worn)
 r - a +0 cloak (worn)
 M - a +2 plate armour of positive energy (worn)
Jewellery
 i - an amulet of the acrobat (around neck)
 E - a +2 ring of strength
 G - the ring "Piesyiphu" (left hand) {rF++ Str+2 Stlth+}
   (You found it in a labyrinth)

   [ring of stealth]

   It affects your strength (+2).
   It greatly protects you from fire.
   It makes you more stealthy.
 H - an uncursed ring of resist corrosion
 I - the ring of Hedonism {rC- MR+ Str+2 Dex+4}
   (You found it on level 6 of the Lair of Beasts)

   [ring of dexterity]

   It affects your strength (+2).
   It affects your dexterity (+4).
   It makes you vulnerable to cold.
   It affects your resistance to hostile enchantments.
 K - an uncursed ring of protection from cold
 L - an uncursed ring of protection from magic
 N - a +4 ring of slaying (right hand)
Wands
 c - a wand of flame (22)
 e - a wand of clouds (2)
 g - a wand of digging (9)
 o - a wand of random effects (166)
 s - a wand of disintegration (34)
 u - a wand of polymorph (39)
 v - a wand of iceblast (8)
 w - a wand of enslavement (15)
 y - a wand of scattershot (16)
 J - a wand of acid (8)
Scrolls
 a - 8 scrolls of teleportation
 m - 12 scrolls of remove curse
 x - a scroll of identify
 A - 2 scrolls of blinking
 D - 2 scrolls of fog
 F - a scroll of fear
 O - a scroll of magic mapping
Potions
 d - 6 potions of flight
 f - 5 potions of haste
 j - 4 potions of curing
 k - 2 potions of berserk rage
 p - 2 potions of resistance
 q - a potion of mutation
 t - 2 potions of ambrosia
 z - 6 potions of heal wounds
 B - 3 potions of might
 C - a potion of agility
Comestibles
 b - 38 rations
 n - 10 chunks of flesh


   Skills:
 + Level 14.0 Fighting
 + Level 13.9 Armour
 - Level 1.5 Dodging
 * Level 17.4 Unarmed Combat


You had 13 spell levels left.
You didn't know any spells.
Your spell library was empty.

Dungeon Overview and Level Annotations

Branches:
Dungeon (12/15)            Temple (0/1) D:5            Lair (6/6) D:10
  Swamp (0/4) Lair:3        Snake (0/4) Lair:3        Slime (0/5) Lair:6
    Orc (2/2) D:9
    Elf: Orc:2

Altars:
Ashenzari
Dithmenos
Gozag
Nemelex Xobeh
Okawaru
Qazlal
Xom
Zin
The Shining One

Shops:
D:4 =(?   D:6 :   D:12 !([!   Orc:2 [

Annotations:
D:10 1 runed door, exclusion: orange crystal statue, bmj180's ghost, journeyman MiFi
Lair:6 exclusion: 4 oklob plants


Innate Abilities, Weirdness & Mutations

You are resistant to torment.
Your stone body is resilient. (AC +10)
You are immune to poison.
Your large and strong wings let you fly indefinitely.
You resist negative energy. (rN+)
You are resistant to electric shocks. (rElec)
You can survive without breathing.
You are immune to petrification.
You are immune to rotting.


Message History

The orc warlord is moderately wounded.
The orc hits you but does no damage. The orc warrior hits you with a glaive.
The orc warrior hits you but does no damage.
You punch the orc warlord!
The orc warlord is heavily wounded.
The orc warrior closely misses you.
You pummel the orc warlord!! You punch the orc warlord!
The orc warlord is almost dead.
The orc hits you.
The orc warlord hits you but does no damage.
The orc knight hits you with a great sword!!
* * * LOW HITPOINT WARNING * * *
You hit the orc warlord but do no damage.
You punch the orc warlord!
The orc warlord is almost dead.
The orc warrior barely misses you.
You closely miss the orc warlord.
The orc warlord is almost dead.
The orc warrior hits you with a battleaxe!!
You die...

)...###............#
#)...##.......(..(##
....##............#
).)#..#.#........##
..#...........(...##
....)..............#
...)...............#
....))[........ooo.#
....))....(....o@o.#
.......[.(.....o)[.#
........#..........#
...)....#..........#
....<)...#.........#
..^.)).............#
.(.#...............#
.(.......##.....#.##
#.....#######......#


You could see an orc warlord, an orc knight, 3 orc warriors and an orc.

Vanquished Creatures
  An orc warlord (Orc:1)
  Nessos (D:12)
  A minotaur (Lab)
  Fannar (D:10)
  6 hydras
  2 centaur warriors
  3 catoblepae (Lair:6)
  3 two-headed ogres
  14 death yaks
  Urug (Lair:4)
  Sonja (D:9)
  Nergalle (Lair:4)
  An orc knight (D:9)
  An orc sorcerer (Orc:1)
  A necromancer (IceCv)
  3 manticores
  3 ice statues (IceCv)
  6 black mambas
  7 spiny frogs
  5 komodo dragons
  2 rime drakes (Lair:6)
  8 ice devils (IceCv)
  2 polar bears (Lair:6)
  A tyrant leech (Lair:3)
  4 trolls
  8 blink frogs
  5 hippogriffs
  46 yaks
  4 basilisks
  A wraith (D:10)
  Grum (Lair:1)
  A hungry ghost (D:9)
  2 wargs (Orc:1)
  5 porcupines
  17 water moccasins
  20 orc warriors
  5 sky beasts
  A black bear (D:10)
  2 ice beasts
  12 ogres
  6 phantoms
  4 necrophages
  2 wolves (Lair:1)
  7 centaurs
  11 crocodiles
  12 bullfrogs
  A big kobold (D:11)
  3 scorpions
  2 troll zombies (D:9)
  10 killer bees
  9 wights
  A bullfrog zombie (D:12)
  2 howler monkeys
  2 draconian simulacra (IceCv)
  3 quasits
  A centaur skeleton (D:6)
  4 crimson imps
  14 orc priests
  3 jellies
  7 hounds
  19 orc wizards
  2 bullfrog skeletons
  Jessica (D:2)
  Ijyb (D:5)
  An iguana (D:9)
  A spriggan simulacrum (IceCv)
  6 worker ants
  3 troll simulacra (IceCv)
  The ghost of SaintRoka the Grasshopper, a weakling NaWr (D:3)
  4 ogre zombies (D:9)
  A hound skeleton (D:7)
  A worker ant zombie (D:11)
  17 adders
  2 naga simulacra (IceCv)
  2 ogre simulacra (IceCv)
  A shadow imp (D:5)
  An ooze (D:5)
  2 worms (D:2)
  A dart slug (D:2)
  5 leopard geckos
  89 orcs
  5 ball pythons
  11 giant cockroaches
  5 goblins
  6 hobgoblins
  24 jackals
  4 quokkas
  A ball python (shapeshifter) (D:12)
  8 bats
  5 frilled lizards
  2 goblin skeletons (D:9)
  3 goblin zombies (D:9)
  2 hobgoblin zombies
  A jackal skeleton (D:4)
  A jackal zombie (D:4)
  12 kobolds
  2 kobold skeletons (D:6)
  A kobold zombie (D:6)
  A leopard gecko skeleton (D:4)
  2 orc skeletons (D:9)
  12 orc zombies
  A quokka skeleton (D:4)
  6 rats
  A butterfly (Lair:4)
590 creatures vanquished.

Vanquished Creatures (others)
  3 orcs
  2 fungi
  3 plants (D:10)
8 creatures vanquished.

Grand Total: 598 creatures vanquished

Notes
Turn   | Place    | Note
-------+----------+-------------------------------------------
     0 | D:1      | HoaS the Gargoyle Berserker began the quest for the Orb.
     0 | D:1      | Reached XP level 1. HP: 14/14 MP: 1/1
   218 | D:1      | Reached XP level 2. HP: 7/19 MP: 2/2
   843 | D:1      | Reached XP level 3. HP: 19/23 MP: 3/3
  1195 | D:2      | Reached ** piety under Trog
  1499 | D:2      | Reached skill level 4 in Unarmed Combat
  1499 | D:2      | Reached XP level 4. HP: 20/29 MP: 4/4
  1856 | D:2      | Noticed Jessica
  1865 | D:2      | Killed Jessica
  1922 | D:2      | Reached XP level 5. HP: 29/33 MP: 5/5
  2133 | D:3      | Reached *** piety under Trog
  2219 | D:3      | Found a transporter.
  2220 | D:3      | Noticed SaintRoka's ghost (weakling NaWr)
  2220 | D:3      | Noticed an ogre
  2221 | D:3      | Found a transporter.
  2659 | D:3      | Killed an ogre
  2659 | D:3      | Reached skill level 5 in Unarmed Combat
  2659 | D:3      | Reached XP level 6. HP: 39/39 MP: 6/6
  2662 | D:3      | Killed SaintRoka's ghost
  3272 | D:4      | Found Juitzoig's Antique Weapon Emporium.
  3336 | D:4      | Found Tagat's Jewellery Emporium.
  3661 | D:4      | Found Yxtuthri's Magic Scroll Emporium.
  3679 | D:4      | Reached **** piety under Trog
  3739 | D:4      | Reached skill level 5 in Fighting
  3739 | D:4      | Reached XP level 7. HP: 37/44 MP: 5/7
  3834 | D:5      | Entered Level 5 of the Dungeon
  4039 | D:5      | Reached skill level 6 in Unarmed Combat
  4092 | D:5      | Noticed Ijyb
  4111 | D:5      | Killed Ijyb
  4190 | D:5      | Found a shattered altar of Ashenzari.
  4620 | D:5      | Found a staircase to the Ecumenical Temple.
  4756 | D:6      | Reached skill level 5 in Armour
  4818 | D:6      | Reached skill level 7 in Unarmed Combat
  4818 | D:6      | Reached XP level 8. HP: 51/51 MP: 4/8
  5176 | D:6      | Found Eteles's Book Shop.
  5197 | D:6      | Found a glowing golden altar of the Shining One.
  5207 | D:6      | Reached ***** piety under Trog
  5980 | D:7      | Reached skill level 8 in Unarmed Combat
  6036 | D:7      | Reached XP level 9. HP: 35/56 MP: 5/9
  6325 | D:7      | Reached skill level 9 in Unarmed Combat
  6463 | D:7      | Received a gift from Trog
  7057 | D:8      | Found a shadowy altar of Dithmenos.
  7058 | D:8      | Found a stormy altar of Qazlal.
  7059 | D:8      | Found an iron altar of Okawaru.
  7098 | D:8      | Found a sparkling altar of Nemelex Xobeh.
  7145 | D:8      | Reached skill level 10 in Unarmed Combat
  7350 | D:8      | Found a shimmering altar of Xom.
  7718 | D:8      | Reached XP level 10. HP: 64/64 MP: 10/10
  7997 | D:9      | Found a staircase to the Orcish Mines.
  8421 | D:9      | Received a gift from Trog
  8648 | D:9      | Noticed a centaur warrior
  8657 | D:9      | Killed a centaur warrior
  8657 | D:9      | Reached skill level 11 in Unarmed Combat
  8713 | D:9      | Noticed a two-headed ogre
  8722 | D:9      | Killed a two-headed ogre
  8911 | D:10     | Entered Level 10 of the Dungeon
  8912 | D:10     | Noticed an orange crystal statue
  8990 | D:10     | Reached XP level 11. HP: 23/71 MP: 2/11
  9323 | D:10     | Reached skill level 12 in Unarmed Combat
  9416 | D:10     | Noticed Fannar
  9418 | D:10     | Noticed a manticore
  9443 | D:10     | Killed Fannar
  9447 | D:10     | Killed a manticore
  9447 | D:10     | Reached skill level 10 in Fighting
  9567 | D:10     | Noticed a centaur warrior
  9584 | D:10     | Killed a centaur warrior
  9584 | D:10     | Reached skill level 10 in Armour
  9597 | D:10     | Found a runed door.
  9602 | D:10     | Noticed bmj180's ghost (journeyman MiFi)
  9720 | D:10     | Noticed a two-headed ogre
  9732 | D:10     | Killed a two-headed ogre
  9875 | D:10     | Found a staircase to the Lair.
 10178 | D:10     | Found a shimmering altar of Xom.
 10795 | D:11     | Noticed a two-headed ogre
 10809 | D:11     | Killed a two-headed ogre
 10809 | D:11     | Reached skill level 13 in Unarmed Combat
 11153 | D:12     | Noticed a six-headed hydra
 11163 | D:12     | Noticed an eight-headed hydra
 11175 | D:11     | Killed a six-headed hydra
 11175 | D:11     | Reached XP level 12. HP: 55/79 MP: 12/12
 11355 | D:11     | Killed an eight-headed hydra
 11519 | D:12     | Noticed Nessos
 11575 | D:12     | Killed Nessos
 11806 | D:12     | Reached ****** piety under Trog
 11944 | D:12     | Found Jiothrynue's Weapon Shop.
 11945 | D:12     | Found Eggocos's Distillery.
 11945 | D:12     | Found Yhau's Distillery.
 11952 | D:12     | Found Kuisag's Armour Shop.
 11954 | D:12     | Bought a potion of heal wounds for 75 gold pieces
 11954 | D:12     | Bought a potion of haste for 150 gold pieces
 11954 | D:12     | Bought a potion of heal wounds for 75 gold pieces
 11954 | D:12     | Bought a potion of heal wounds for 75 gold pieces
 11954 | D:12     | Bought a potion of curing for 45 gold pieces
 11954 | D:12     | Bought a potion of heal wounds for 75 gold pieces
 11954 | D:12     | Bought 2 potions of might for 120 gold pieces
 11960 | D:12     | Bought a potion of heal wounds for 75 gold pieces
 11960 | D:12     | Bought a potion of curing for 45 gold pieces
 11960 | D:12     | Bought a potion of heal wounds for 75 gold pieces
 12438 | Lair:1   | Entered Level 1 of the Lair of Beasts
 12564 | Lair:1   | Noticed a seven-headed hydra
 12573 | Lair:1   | Killed a seven-headed hydra
 12573 | Lair:1   | Reached skill level 14 in Unarmed Combat
 12823 | Lair:1   | Noticed Grum
 12852 | Lair:1   | Killed Grum
 13444 | Lair:2   | Received a gift from Trog
 13466 | Lair:2   | Found a labyrinth entrance.
 13499 | Lair:2   | Identified a scroll of acquirement
 13776 | Lair:2   | You fall through a shaft!
 13800 | Lair:3   | Found a staircase to the Swamp.
 13871 | Lab      | Entered a labyrinth
 15542 | Lab      | Noticed a minotaur
 15551 | Lab      | Killed a minotaur
 15596 | Lab      | Found the +8 frozen axe "Frostbite" {freezing cloud, *Noise
                  | +Fly rC+}
 15596 | Lab      | Got a faintly glowing bone ring
 15601 | Lair:2   | Identified the ring "Piesyiphu" {rF++ Str+2 Stlth+} (You
                  | found it in a labyrinth)
 15824 | Lair:3   | Found a staircase to the Snake Pit.
 16300 | Lair:4   | Reached XP level 13. HP: 85/85 MP: 13/13
 16317 | Lair:4   | Noticed Nergalle
 16325 | Lair:4   | Killed Nergalle
 16368 | Lair:4   | Reached skill level 15 in Unarmed Combat
 17198 | Lair:4   | Found an opulent altar of Gozag.
 17406 | Lair:5   | Noticed Urug
 17630 | Lair:4   | Killed Urug
 18475 | Lair:5   | Reached skill level 16 in Unarmed Combat
 18805 | Lair:5   | Found a glowing silver altar of Zin.
 19172 | Lair:6   | Entered Level 6 of the Lair of Beasts
 19332 | Lair:6   | Received a gift from Trog
 19358 | Lair:6   | Got a fine granite ring
 19373 | Lair:6   | Gained mutation: Your large and strong wings let you fly
                  | indefinitely. [Gargoyle growth]
 19373 | Lair:6   | Reached XP level 14. HP: 84/94 MP: 14/14
 19413 | Lair:6   | Found a frozen archway.
 19434 | IceCv    | Entered an ice cave
 20675 | Lair:6   | Reached skill level 17 in Unarmed Combat
 20819 | Lair:6   | Identified the ring of Hedonism {rC- MR+ Str+2 Dex+4} (You
                  | found it on level 6 of the Lair of Beasts)
 20985 | Lair:6   | Found a staircase to the Slime Pits.
 21746 | Orc:1    | Entered Level 1 of the Orcish Mines
 21754 | Orc:1    | Received a gift from Trog
 21849 | Orc:1    | Noticed Sonja
 21996 | D:9      | Killed Sonja
 22283 | Orc:2    | Entered Level 2 of the Orcish Mines
 22283 | Orc:2    | Found Juigecul's Antique Armour Shop.
 22283 | Orc:2    | Noticed an orc warlord
 22283 | Orc:2    | Noticed an orc warlord
 22429 | Orc:2    | Noticed an orc warlord
 22448 | Orc:1    | Killed an orc warlord
 22830 | Orc:1    | Mangled by an orc warrior

Skill      XL: |  1  2  3  4  5  6  7  8  9 10 11 12 13 14 |
---------------+-------------------------------------------+-----
Armour         | 3 4 5 6 7 9 10 11 12 13 | 13.9
Unarmed Combat | 4 5 7 8 10 11 13 14 16 17 | 17.4
Fighting       | 4 5 6 8 9 10 11 13 14 | 14.0
Dodging        | |  1.5

Action                   |  1- 3 |  4- 6 |  7- 9 | 10-12 | 13-15 || total
-------------------------+-------+-------+-------+-------+-------++-------
Melee: Unarmed           |   200 |   223 |   563 |   792 |   776 ||  2554
       Punch             |       |     2 |    18 |    33 |    63 ||   116
Invok: Berserk           |     1 |     3 |     3 |     6 |     6 ||    19
       Trog's Hand       |       |       |     2 |       |     3 ||     5
 Abil: Fly               |       |       |       |       |     1 ||     1
Evoke: Wand              |       |       |       |     3 |       ||     3
  Use: Scroll            |     2 |     8 |     6 |    17 |     8 ||    41
 Stab: Distracted        |       |     1 |       |       |       ||     1
  Eat: Chunk             |     3 |    10 |    17 |    25 |    28 ||    83
       Ration            |       |       |       |     3 |       ||     3
Armor: Animal skin       |   126 |     8 |       |       |       ||   134
       Ring mail         |       |    37 |       |       |       ||    37
       Plate armour      |       |    86 |   459 |   639 |   623 ||  1807
Dodge: Dodged            |   180 |   134 |   196 |   352 |   398 ||  1260
